 Dungeon Crawl Stone Soup version 0.31.0-9-g3a7656b989 (webtiles) character file.

Game seed: 6787395242150193206

186 qw the Shooter (level 5, 0/61 HPs)
             Began as a Demigod Hunter on Feb 2, 2024.
             Killed from afar by an orc wizard (5 damage)
             ... with a puff of flame
             ... on level 4 of the Dungeon.
             The game lasted 00:00:13 (2594 turns).

qw the Shooter (Demigod Hunter)                     Turns: 2594, Time: 00:00:14

Health: 0/61       AC: 26    Str: 12    XL:     5   Next: 15%
Magic:  7/7        EV:  2    Int: 11    God:
Gold:   52         SH:  0    Dex: 21    Spells: 4/4 levels left

rFire   . . .        a - +1 shortbow
rCold   . . .        (shield currently unavailable)
rNeg    . . .        h - melded +0 ring mail
rPois   +            (helmet currently unavailable)
rElec   .            j - melded +0 cloak
rCorr   .            (gloves currently unavailable)
SInv    .            (boots currently unavailable)
Will    .....        (no amulet)
Stlth   ++           i - +5 ring of evasion
HPRegen 0.30/turn    g - +4 ring of protection
MPRegen 0.10/turn

%: no passive effects
@: tree-form
A: stationary, stasis, torment immunity, boosted hp, high MP 1, forlorn, divine
attributes
a: no special abilities


You were on level 4 of the Dungeon.
You were a tree.
You visited 1 branch of the dungeon, and saw 4 of its levels.

You collected 82 gold pieces.
You spent 30 gold pieces at shops.


Innate Abilities, Weirdness & Mutations

You are a tree.
Your roots penetrate the ground, keeping you stationary.
You cannot be teleported.
You are immune to unholy pain and torment.
Your maximum health is greatly increased.
Your equipment is partially melded.
You have an increased reservoir of magic. (+10% MP)
You shall have no god before yourself.
Your divine heritage dramatically boosts your attributes as you level up.


   Skills:
 - Level 2.0 Fighting
 + Level 5.7 Ranged Weapons
 - Level 1.0 Armour
 - Level 2.2 Dodging
 - Level 0.8 Stealth


You had 4 spell levels left.
You didn't know any spells.
Your spell library was empty.

Inventory:

Hand Weapons
 a - a +1 shortbow (weapon)
Armour
 h - a +0 ring mail (melded)
 j - a +0 cloak (melded)
Jewellery
 g - a +4 ring of protection (right branch)
 i - a +5 ring of evasion (left branch)
Potions
 d - a potion of might

Dungeon Overview and Level Annotations

Branches:
Dungeon (4/15)             Temple (0/1) D:4

Shops:
D:4 ?

Annotations:
D:3 1 runed translucent door, Crazy Yiuf


Message History

The adder zombie bites you but does no damage.
You shoot an arrow. The arrow hits the adder zombie.
The adder zombie is lightly damaged.
Something hits you but does no damage.
The adder zombie bites you but does no damage.
You shoot an arrow. The arrow hits the adder zombie!
The adder zombie is severely damaged.
Something hits you but does no damage. The adder zombie barely misses you.
Something hits you but does no damage.
You shoot an arrow. The arrow hits the adder zombie.
The adder zombie is severely damaged.
The adder zombie bites you but does no damage.
Something hits you.
The adder zombie bites you but does no damage.
You shoot an arrow. The arrow hits the adder zombie.
You destroy the adder zombie!
Something hits you but does no damage.
You shoot an arrow. Something hits you but does no damage.
You shoot an arrow. Something hits you but does no damage.
You shoot an arrow. Something hits you but does no damage.
You shoot an arrow. Something hits you but does no damage.
You shoot an arrow.
You hear some strange, mumbled words.
A puff of flame appears from out of thin air!
The puff of flame hits you.
You shoot an arrow. Something hits you but does no damage.
You shoot an arrow.
Something hits you but does no damage. x2
You shoot an arrow. Something hits you but does no damage.
You shoot an arrow.
You hear some strange, mumbled words.
A puff of flame appears from out of thin air!
The puff of flame hits you.
You die...

#..........# #..........#
########..........#
#......#..........# ..
#......#..........# ..#
####......######.....#...#
..##...........#.....+....
..#............#){.........:.
..#............#7)...........
..#............'.....8.8.8... #
#'##...........#......}.}..######
..##......##...#.....8.>.8.......
..##......###+##......}.}........
...............#.....8.8.8.....##
.........<..(..#...............#
...............#....)....###'###
..##...........#.....#...#......#


There were no monsters in sight!

Vanquished Creatures
  An orc priest (D:4)
  Jessica (D:3)
  An orc wizard (D:4)
  2 adders (D:2)
  An adder zombie (D:4)
  A dart slug (D:1)
  2 ribbon worms
  6 orcs (D:4)
  5 endoplasms
  4 giant cockroaches
  10 goblins
  4 hobgoblins
  6 jackals (D:3)
  4 ball pythons
  6 bats
  7 frilled lizards
  4 kobolds
  7 rats
72 creatures vanquished.

Notes
Turn   | Place    | Note
-------+----------+-------------------------------------------
     0 | D:1      | qw the Demigod Hunter began the quest for the Orb.
     0 | D:1      | Reached XP level 1. HP: 17/17 MP: 3/3
     0 | D:1      | 0 ||| qw: Version: 0.3-a-155-g5e7d8dd
     0 | D:1      | 0 ||| qw: Game counter: 446
     0 | D:1      | 0 ||| qw: Melee chars always use a shield: true
     0 | D:1      | 0 ||| qw: God list: Okawaru
     0 | D:1      | 0 ||| qw: Allow faded altars: false
     0 | D:1      | 0 ||| qw: Do Orc after clearing Dungeon:15 true
     0 | D:1      | 0 ||| qw: Do second Lair branch before Depths: true
     0 | D:1      | 0 ||| qw: Lair rune preference: random
     0 | D:1      | 0 ||| qw: Goals: Normal
     0 | D:1      | 0 ||| PLANNING D:1-11
   324 | D:1      | Reached skill level 4 in Ranged Weapons
   501 | D:1      | Reached XP level 2. HP: 24/24 MP: 4/4
   708 | D:1      | 708 ||| DROPPING ring of wizardry.
   709 | D:1      | 709 ||| UPGRADING to +5 ring of evasion.
   710 | D:1      | 710 ||| READING scroll labelled CUTIH ADUEF.
   710 | D:1      | 710 ||| IDENTIFYING sedimented dark potion
   711 | D:1      | 711 ||| READING scroll labelled NEGEQADOADO.
   712 | D:1      | 712 ||| DRINKING 2 sapphire potions.
   713 | D:1      | 713 ||| DRINKING fizzy pink potion.
   714 | D:1      | 714 ||| DRINKING orange potion.
   715 | D:1      | 715 ||| DRINKING emerald potion.
   716 | D:1      | 716 ||| DRINKING amethyst potion.
   719 | D:1      | 719 ||| DROPPING scroll of butterflies.
   720 | D:1      | 720 ||| DROPPING potion of ambrosia.
   907 | D:2      | Reached XP level 3. HP: 26/29 MP: 5/5
  1219 | D:2      | You fall into a shaft and drop 2 floors!
  1246 | D:4      | Found a staircase to the Ecumenical Temple.
  1277 | D:4      | Found Getur's Magic Scroll Shop.
  1287 | D:4      | 1287 ||| SHOPLISTING scroll of enchant weapon (75 gold,
                  | have 73).
  1287 | D:4      | 1287 ||| BUYING scroll of teleportation (30 gold).
  1287 | D:4      | Bought a scroll of teleportation for 30 gold pieces
  1324 | D:3      | Noticed Jessica
  1329 | D:3      | Killed Jessica
  1346 | D:3      | Reached skill level 5 in Ranged Weapons
  1346 | D:3      | Reached XP level 4. HP: 36/36 MP: 6/6
  1657 | D:2      | 1657 ||| UPGRADING to +0 ring mail.
  1667 | D:2      | 1667 ||| DROPPING +0 leather armour.
  1668 | D:2      | 1668 ||| UPGRADING to +4 ring of protection.
  2013 | D:3      | Found a runed translucent door.
  2014 | D:3      | Noticed Crazy Yiuf
  2091 | D:3      | Reached skill level 1 in Armour
  2288 | D:3      | 2288 ||| UPGRADING to +0 cloak.
  2293 | D:3      | 2293 ||| DROPPING ring of flight.
  2294 | D:3      | 2294 ||| READING scroll of identify.
  2294 | D:3      | 2294 ||| IDENTIFYING ruby potion
  2295 | D:3      | 2295 ||| READING scroll labelled MEETSI EXZO.
  2295 | D:3      | 2295 ||| ENCHANTING +0 shortbow.
  2489 | D:4      | HP: 2/36 [orc priest/nerve-wracking pain (12)]
  2490 | D:4      | 2490 ||| READING scroll of teleportation.
  2491 | D:4      | 2491 ||| DRINKING potion of heal wounds.
  2556 | D:4      | 2556 ||| RETREEEEATING.
  2557 | D:4      | 2557 ||| RETREEEEATING.
  2558 | D:4      | 2558 ||| RETREEEEATING.
  2559 | D:4      | 2559 ||| RETREEEEATING.
  2560 | D:4      | 2560 ||| RETREEEEATING.
  2561 | D:4      | 2561 ||| RETREEEEATING.
  2562 | D:4      | 2562 ||| RETREEEEATING.
  2563 | D:4      | 2563 ||| RETREEEEATING.
  2564 | D:4      | 2564 ||| RETREEEEATING.
  2570 | D:4      | HP: 6/36 [something/puff of flame (6)]
  2575 | D:4      | Reached XP level 5. HP: 4/41 MP: 7/7
  2575 | D:4      | 2575 ||| DRINKING glowing dark potion.
  2578 | D:4      | HP: 7/61 [adder zombie (1)]
  2584 | D:4      | HP: 5/61 [something (2)]
  2590 | D:4      | HP: 4/61 [something/puff of flame (3)]
  2594 | D:4      | Killed from afar by an orc wizard

Levels and vault maps discovered:
D:1:      ncdulo_watergridlock, layout_basic, dreamdust_princess_corridor,
          minmay_misc_feat_x, minmay_misc_feat_nine_boxes,
          minmay_misc_feat_alley, corner_web_ring,
          chequers_serial_rivers_micro_a, amcnicky_mini_pool_small
D:2:      layout_loops_corners
D:3:      layout_loops_cross, uniq_jessica, uniq_crazy_yiuf_cottage
D:4:      layout_gridville, minmay_temple_entry_statues_fountains, serial_shops,
          nicolae_lakefront_shop, serial_undead, serial_undead_e,
          serial_undead_b, serial_undead_e, serial_undead_a

Skill      XL: |  1  2  3  4 |
---------------+-------------+-----
Ranged Weapons | 4 5 |  5.7
Fighting       | 2 |  2.0
Dodging        | 2 |  2.2
Armour         | 1 |  1.0
Stealth        | |  0.8

Action                     |  1- 3 |  4- 6 || total
---------------------------+-------+-------++-------
   Fire: Shortbow          |    70 |    97 ||   167
    Use: Potion            |     5 |     2 ||     7
         Scroll            |     2 |     3 ||     5
 Armour: Leather armour    |     3 |       ||     3
         Ring mail         |       |    25 ||    25
         Skin              |       |    32 ||    32
  Dodge: Dodged            |    19 |    39 ||    58

Table legend:
 A = Non-vault XP
 B = Vault XP
 C = Vault XP percentage of total XP
 D = Non-vault monster count
 E = Vault monster count
 F = Vault count percentage of total count
                 A         B        C        D         E       F
            +---------+---------+-------+---------+---------+-------
      Total |     223 |      43 |  16.2 |      70 |       2 |   2.8
            +---------+---------+-------+---------+---------+-------
        D:1 |      26 |       0 |   0.0 |      16 |       0 |   0.0
        D:2 |      50 |       0 |   0.0 |      18 |       0 |   0.0
        D:3 |      44 |      37 |  45.7 |      24 |       1 |   4.0
        D:4 |     103 |       6 |   5.5 |      12 |       1 |   7.7
            +---------+---------+-------+---------+---------+-------
